 Dungeon Crawl Stone Soup version 0.30-a0-1042-gacf32f4bd3 (webtiles) character file.

Game seed: 13810737795827659665

260341 EnegeticOcto the Black Belt (level 19, -24/221 HPs)
             Began as a Grey Draconian Summoner on Apr 9, 2023.
             Was the Champion of Cheibriados.
             Shot with an arrow by a deep elf master archer (26 damage)
             ... in a wizard's laboratory.
             The game lasted 01:21:08 (37095 turns).

EnegeticOcto the Black Belt (DrSu)                 Turns: 37095, Time: 01:21:08

Health: -24/221    AC: 39    Str: 29    XL:     19   Next: 17%
Magic:  32/32      EV: 20    Int: 43    God:    Cheibriados [******]
Gold:   1252       SH: 17    Dex: 34    Spells: 6/36 levels left

rFire   + . .      SeeInvis +      - Unarmed
rCold   + . .      Faith    .    p - +0 kite shield {rC+}
rNeg    + + +      Spirit   .    (body armour unavailable)
rPois   ∞          Reflect  .    Q - +2 hat {Int+3}
rElec   +          Rampage  .    l - +2 cloak {rCorr}
rCorr   +                        V - melded +2 pair of gloves of Submission {rElec Int+2}
Will    ++...                    Y - melded +3 pair of seven-league boots {Rampage+∞}
Stlth   ++++                     q - amulet of regeneration
HPRegen 1.36/turn                n - ring "Vulla" {Will+ Int+3 Dex+6 SInv}
MPRegen 0.23/turn                b - ring of Bula {rF+ rN++ AC+4 Str+3}

@: statue-form (expiring), very slow
A: slow and powerful, torment resistance 1, boosted hp, AC +15, amphibious,
unfitting armour, cold-blooded
}: 2/15 runes: decaying, serpentine
a: End Transformation, Renounce Religion, Bend Time, Temporal Distortion,
Slouch, Step From Time


You were in a wizard's laboratory.
You worshipped Cheibriados.
Cheibriados was exalted by your worship.
You were a living statue of rough stone.
You visited 7 branches of the dungeon, and saw 34 of its levels.
You also visited: Sewer, Gauntlet, Volcano and Wizlab.

You collected 3975 gold pieces.
You spent 2723 gold pieces at shops.

Inventory:

Hand Weapons
 m - a +7 heavy dagger
   (You took it off an orc on level 2 of the Dungeon)
Missiles
 H - 10 curare-tipped darts
 K - a throwing net {!f}
Armour
 i - a +2 kite shield of fire resistance
   (You took it off a naga warrior on level 4 of the Snake Pit)
 l - a +2 cloak of preservation (worn)
   (You found it in a Gauntlet)
 p - a +0 kite shield of cold resistance (worn)
   (You took it off a naga warrior on level 2 of the Snake Pit)
 Q - a +2 hat of intelligence (worn)
   (You found it on level 10 of the Dungeon)
 V - the +2 pair of gloves of Submission (melded) {rElec Int+2}
   (You found it on level 3 of the Lair of Beasts)

   Int:       It affects your intelligence (+2).
   rElec:     It insulates you from electricity.
 Y - the +3 pair of seven-league boots (melded) {Rampage+∞}
   (You found it on level 15 of the Dungeon)

   Rampage+∞: When moving toward enemies, its wearer moves as far as possible.
   Cheibriados disapproves of the use of such an item.
Magical Staves
 u - the staff of death "Raffisirph" {+Blink rElec rN+}
   (You found it in a Gauntlet)

   [staff of death]

   Base accuracy: +5 Base damage: 5 Base attack delay: 1.2 This weapon's minimum
   attack delay (0.6) is reached at skill level 12.
   rElec:     It insulates you from electricity.
   rN:        It protects you from negative energy.
   +Blink:    It lets you blink.
   It falls into the 'Staves' category.
   It is a one-handed weapon.
Jewellery
 b - the ring of Bula (right fist) {rF+ rN++ AC+4 Str+3}
   (You bought it in a shop on level 1 of the Elven Halls)

   [ring of protection]

   AC:        It affects your AC (+4).
   Str:       It affects your strength (+3).
   rF:        It protects you from fire.
   rN:        It greatly protects you from negative energy.
 c - a ring of protection from fire
   (You bought it in a shop on level 3 of the Snake Pit)
 n - the ring "Vulla" (left fist) {Will+ Int+3 Dex+6 SInv}
   (You took it off a minotaur in a Gauntlet)

   [ring of dexterity]

   Int:       It affects your intelligence (+3).
   Dex:       It affects your dexterity (+6).
   SInv:      It lets you see invisible.
   Will:      It increases your willpower.
 q - an amulet of regeneration (around neck)
   (You found it on level 5 of the Dungeon)
 y - the ring of the Tortoise {AC+8}
   (You found it on level 4 of the Dungeon)

   [ring of protection]

   AC:        It affects your AC (+8).
Wands
 f - a wand of iceblast (28) {@v2}
   (You bought it in a shop on level 1 of the Orcish Mines)
 r - a wand of mindburst (12)
   (You found it on level 12 of the Dungeon)
 D - a wand of light (2) {@v1}
   (You took it off Ijyb on level 5 of the Dungeon)
 J - a wand of charming (19)
   (You found it on level 9 of the Dungeon)
 M - a wand of polymorph (30)
   (You found it on level 9 of the Dungeon)
 N - a wand of flame (96) {@v4}
   (You found it on level 9 of the Dungeon)
 O - a wand of digging (6) {@v3}
   (You found it on level 10 of the Dungeon)
Scrolls
 h - a scroll of vulnerability
 j - 7 scrolls of fear {!r}
 s - 12 scrolls of teleportation {@r3 !r}
 t - 9 scrolls of fog {!r}
 w - 8 scrolls of magic mapping {@r5 !r}
 x - a scroll of enchant weapon
 E - 7 scrolls of poison
 P - a scroll of butterflies
 R - 4 scrolls of blinking {@r4}
 S - 6 scrolls of immolation
 T - 2 scrolls of silence {!r}
 W - 2 scrolls of enchant armour
Potions
 a - 5 potions of magic
 d - a potion of flight
 e - a potion of invisibility
 g - 3 potions of berserk rage
 k - 6 potions of attraction
 o - 11 potions of mutation
 v - 8 potions of might {@q3 !q}
 z - 8 potions of lignification {@q6}
 A - 8 potions of curing {@q1 !q}
 C - 2 potions of resistance
 G - 4 potions of ambrosia
 I - 7 potions of brilliance
 L - a potion of heal wounds {@q2 !q}
 Z - 5 potions of cancellation
Miscellaneous
 B - a tin of tremorstones (2/2)
   (You found it on level 1 of the Elven Halls)
 U - a box of beasts
   (You found it on level 1 of the Lair of Beasts)


   Skills:
 - Level 15.0 Fighting
 + Level 7.6 Dodging
 - Level 5.0 Stealth
 - Level 13.0 Shields
 + Level 16.0 Unarmed Combat
 - Level 9.0 Spellcasting
 - Level 2.0 Hexes
 - Level 12.7 Summonings
 - Level 4.0 Translocations
 - Level 10.0 Transmutations
 - Level 3.0 Air Magic
 - Level 13.0 Earth Magic
 - Level 12.0 Invocations
 - Level 6.0 Evocations


You had 6 spell levels left.
You knew the following spells:

 Your Spells              Type           Power      Damage    Failure   Level
a - Vhi's Electric Charg  Tloc/Air       98%        N/A       2%          3
b - Summon Forest         Summ/Tloc      37%        N/A       2%          5
c - Statue Form           Tmut/Erth      58%        N/A       4%          6
d - Call Imp              Summ           100%       N/A       1%          2
e - Summon Lightning Spi  Summ/Air       72%        N/A       1%          4
f - Summon Guardian Gole  Hex/Summ       70%        N/A       1%          3
g - Summon Small Mammal   Summ           100%       N/A       0%          1
h - Apportation           Tloc           100%       N/A       1%          1
i - Call Canine Familiar  Summ           92%        N/A       1%          3
p - Passwall              Tmut/Erth      72%        N/A       1%          2

Your spell library contained the following spells:

 Spells                   Type           Power      Damage    Failure   Level
 Sandblast                Erth           100%       2d20      0%          1
 Beastly Appendage        Tmut           100%       N/A       1%          1
 Slow                     Hex            100%       N/A       1%          1
 Wereblood                Tmut           81%        N/A       1%          2
 Spider Form              Tmut/Pois      58%        N/A       1%          3
 Stone Arrow              Conj/Erth      100%       3d13      1%          3
 Leda's Liquefaction      Hex/Erth       35%        N/A       1%          4
 Lee's Rapid Deconstruct  Erth           46%        3d22*     1%          5
 Swiftness                Air            45%        N/A       2%          3
 Summon Cactus Giant      Summ           46%        N/A       2%          6
 Kiss of Death            Conj/Necr      76%        2d11      3%          1
 Ensorcelled Hibernation  Hex/Ice        54%        N/A       3%          2
 Confusing Touch          Hex            36%        N/A       4%          3
 Volatile Blastmotes      Fire/Tloc      72%        2d16      4%          3
 Dazzling Flash           Conj/Hex       54%        N/A       6%          3
 Manifold Assault         Tloc           52%        N/A       6%          4
 Vampiric Draining        Necr           19%        2d7       9%          3
 Alistair's Intoxication  Tmut/Pois      38%        N/A       11%         5
 Iskenderun's Mystic Bla  Conj/Tloc      36%        2d9       13%         4
 Fulminant Prism          Conj/Hex       13%        3d9       21%         4
 Dispel Undead            Necr           19%        3d11      30%         4
 Arcjolt                  Conj/Air       16%        1d26      41%         5
 Dispersal                Tloc           26%        N/A       65%         6
 Conjure Ball Lightning   Conj/Air       16%        3x3d6     94%         6
 Starburst                Conj/Fire      9%         6d5       99%         6
 Spellforged Servitor     Conj/Summ      32%        N/A       88%         7
 Orb of Destruction       Conj           9%         9d6       100%        7
 Discord                  Hex            18%        N/A       100%        8
 Disjunction              Tloc           26%        N/A       100%        8
 Maxwell's Capacitive Co  Air            22%        ∞         100%        8
 Dragon's Call            Summ           46%        N/A       100%        9


Dungeon Overview and Level Annotations

Branches:
Dungeon (15/15) Zot: 38168  Temple (1/1) D:4 Zot: 8782    Lair (5/5) D:9 Zot: 34666
  Swamp (4/4) Lair:2 Zot: 30531   Snake (4/4) Lair:2 Zot: 26137   Slime (0/5) Lair:4
    Orc (2/2) D:11 Zot: 15127     Elf (3/3) Orc:2 Zot: 22900  Vaults (0/5) D:13
 Depths (0/4) D:15          Sewer (visited)         Volcano (visited)
 WizLab (1/1) Zot: 8163   Gauntlet (visited)

Altars:
Ashenzari
Cheibriados
Dithmenos
Elyvilon
Fedhas
Gozag
Hepliaklqana
Kikubaaqudgha
Makhleb
Nemelex Xobeh
Okawaru
Qazlal
Ru
Sif Muna
Trog
Uskayaw
Vehumet
Wu Jian
Xom
Yredelemnul
Zin
The Shining One
Jiyva

Shops:
D:4 **   D:6 *   Orc:1 *   Orc:2 ?*([*   Elf:1 =   Elf:2 !   Snake:3 =

Annotations:
D:12 1 runed translucent door
D:14 2 transporters, crabbyslav's ghost, journeyman MiFi
Lair:4 exclusion: oklob plant
Lair:5 1 exclusion
Swamp:3 3 runed translucent doors, Kenran's ghost, adept MfFi; Roxanne
Elf:2 5 runed translucent doors


Innate Abilities, Weirdness & Mutations

You are a living statue of rough stone.
Your actions are slow, but your melee attacks are powerful.
You are resistant to unholy torment.
Your maximum health is greatly increased.
You are immune to poison.
Your equipment is partially melded.
((Your dull iron-grey scales are very hard. (AC +15)))
You are amphibious.
You cannot fit into any form of body armour.
You are cold-blooded and may be slowed by cold attacks.


Message History

The briar patch is destroyed!
The thorn hunter hits the briar patch!
The briar patch is destroyed!
The fenstrider witch hits you but does no damage.
The fenstrider witch kicks you but does no damage.
You can move again.
Things that are here:
a +0 arbalest; a yaktaur corpse Really read
s - 13 scrolls of teleportation {@r3 !r}?
As you read the scroll of teleportation {@r3 !r}, it crumbles to dust.
You feel strangely unstable.
You fester in the toxic bog!
You partially resist.
The fenstrider witch hits you but does no damage.
The fenstrider witch misses you. The thorn hunter misses you.
You block the thorn hunter's attack.
The fenstrider witch gestures at you while chanting.
Your body is wracked with pain!
* * * LOW HITPOINT WARNING * * *
The fenstrider witch attacks as you move away!
You block the fenstrider witch's attack.
The fenstrider witch kicks you!
* * * LOW HITPOINT WARNING * * *
Your surroundings seem slightly different.
The briar patch crumbles away.
The fenstrider witch completely misses you.
The fenstrider witch kicks you but does no damage.
The thorn hunter hits the briar patch but does no damage.
The thorn hunter hits the briar patch!
You block the thorn hunter's attack.
The thorn hunter hits you but does no damage.
The fenstrider witch hits you.
* * * LOW HITPOINT WARNING * * *
The fenstrider witch misses you.
The thorn hunter hits the briar patch!
The briar patch is destroyed!
The thorn hunter fires a volley of thorns at you.
The volley of thorns hits you!!
* * * LOW HITPOINT WARNING * * *
The fenstrider witch points at you and mumbles some strange words.
You resist with some effort. The thorn hunter barely misses you.
The thorn hunter misses you.
The fenstrider witch casts a spell at you.
You feel a surge of unholy energy.
The thorn hunter fires a volley of thorns at you.
The volley of thorns misses you.
The fenstrider witch casts a spell at you.
The toxic sludge misses you.
Blink to where?
Press: ? - help, Dir - move target, p - fenstrider witch
As you read the scroll of blinking {@r4}, it crumbles to dust.
Space becomes stable.
Blink to where?
Press: ? - help, Dir - move target
As you read the scroll of blinking {@r4}, it crumbles to dust.
You see here a +0 robe.
You are confused.
You feel invigorated.
You feel less invigorated.
You feel less confused.
The thorn hunter fires a volley of thorns at you.
The volley of thorns hits you.
* * * LOW HITPOINT WARNING * * *
The thorn hunter misses you. You block the thorn hunter's attack.
The thorn hunter hits you but does no damage.
The thorn hunter closely misses you.
The thorn hunter attacks as you move away!
The thorn hunter hits you but does no damage.
You block the thorn hunter's attack.
The thorn hunter gestures.
Thorny briars emerge from the ground!
The thorn hunter hits you but does no damage.
You block the thorn hunter's attack.
You pulverise the thorn hunter!!!!
The thorn hunter is almost destroyed.
You hear a shout! x2
The thorn hunter fires a volley of thorns at you.
The volley of thorns misses you.
The thorn hunter hits you but does no damage.
The thorn hunter closely misses you.
You hit the thorn hunter but do no damage.
The thorn hunter is severely damaged.
The thorn hunter misses you. The thorn hunter barely misses you.
You pound the thorn hunter into fine dust!!!
You destroy the thorn hunter!
Cheibriados thoroughly appreciates the change of pace.
A deep elf master archer comes into view.
Your transformation is almost over.
The deep elf master archer wields a +0 longbow.
The deep elf master archer shoots an arrow.
You block the arrow.
The deep elf master archer shoots an arrow.
The arrow hits you!!
* * * LOW HITPOINT WARNING * * *
The deep elf master archer shoots an arrow.
The arrow hits you!!
* * * LOW HITPOINT WARNING * * *
The deep elf master archer shoots an arrow.
You block the arrow.
The deep elf master archer shoots an arrow.
You block the arrow.
The deep elf master archer shoots an arrow.
The arrow hits you!!
You die...

♣♣♣♣... ♣♣♣.......
♣♣♣........
♣♣........♣
♣♣.∩H..∩..♣
♣♣........♣
♣♣...♣.♣..♣♣
♣P.e♣♣♣...♣♣
♣..8♣♣♣♣...♣♣
♣♣...♣♣♣♣..§♣♣
♣♣...♣♣♣♣...♣♣
♣♣♣...♣♣♣♣...♣♣♣♣♣♣
♣♣...∩...♣♣....♣♣:..
♣♣........P#♣♣....)).
♣|...♣P♣PPPP♣♣♣...f)H
♣♣....PPPPP♣♣♣....)f.
♣♣...∩...♣♣♣...♣♣~H.


You could see a deep elf master archer and a fenstrider witch (wandering).

Vanquished Creatures
  Bai Suzhen (Swamp:3)
  Saint Roka (Snake:4)
  A tentacled monstrosity (Swamp:2)
  2 thorn hunters (WizLab)
  4 nagarajas (Snake:4)
  The ghost of Lewah the Geomancer, a journeyman OpEE of Gozag (D:15)
  A fenstrider witch (WizLab)
  The ghost of Jaorgh the Quickloader, a journeyman GnHu of Hepliaklqana (D:15)
  The ghost of Jaorgh the Quickloader, a journeyman GnHu of Hepliaklqana (D:15)
  An orc warlord (Orc:1)
  2 very ugly things (Swamp:4)
  A deep elf demonologist (Elf:1)
  4 eleionomae
  A deep elf annihilator (Elf:2)
  A bunyip (Swamp:3)
  A minotaur (Gauntlet)
  2 green deaths (Swamp:4)
  Snorg (Orc:1)
  Josephine (Swamp:1)
  A shambling mangrove (Swamp:1)
  A great orb of eyes (Swamp:4)
  2 vault guards (D:13)
  2 salamander tyrants (Snake:4)
  An ogre mage (D:15)
  16 hydras
  2 catoblepae
  14 anacondas
  2 hell beasts (Swamp:4)
  6 centaur warriors
  Erica (D:11)
  4 ghost crabs
  13 dancing weapons
  10 alligators
  2 satyrs (WizLab)
  15 naga warriors
  A tengu warrior (D:15)
  4 boulder beetles
  2 death scarabs (Gauntlet)
  A death yak (Lair:3)
  7 two-headed ogres
  A hell hog (Gauntlet)
  8 shock serpents
  9 naga sharpshooters
  13 deep elf knights
  2 goliath frogs (Swamp:2)
  3 salamander mystics
  A spectral death yak (Gauntlet)
  A skyshark (Lair:5)
  8 skeletal warriors
  A death drake (Swamp:4)
  7 bog bodies
  4 naga ritualists
  6 swamp dragons
  9 deep elf archers
  2 spriggan druids
  3 wizards (D:13)
  Pikel (D:4)
  2 necromancers
  15 ugly things
  13 deep elf zephyrmancers
  28 deep elf pyromancers
  An orc knight (Orc:2)
  4 mana vipers
  14 salamanders
  3 orc sorcerers (D:15)
  An oklob plant (WizLab)
  3 will-o-the-wisps
  6 cyclopes
  2 fauns (WizLab)
  A salamander (shapeshifter) (D:13)
  3 manticores
  18 black mambas
  12 elephants
  2 toenail golems (Volcano)
  5 guardian serpents
  A centaur skeleton (D:15)
  13 naga magi
  4 molten gargoyles
  An eye of devastation (Gauntlet)
  5 orange demons (Swamp:4)
  A torpor snail (Lair:4)
  5 cane toads
  2 gargoyles (Gauntlet)
  An unseen horror (D:10)
  3 komodo dragons
  4 kobold demonologists
  3 efreet
  3 rime drakes
  3 yaktaurs
  6 trolls
  3 meliai (Gauntlet)
  A meliai (shapeshifter) (D:14)
  8 tyrant leeches
  6 hornets
  2 large abominations (Swamp:4)
  A meliai zombie (D:15)
  10 blink frogs
  4 air elementals
  8 slime creatures (Swamp:4)
  4 spriggans
  2 wraiths
  29 yaks
  A vampire (D:14)
  3 water elementals
  3 wyverns
  A spriggan (shapeshifter) (D:14)
  8 fire elementals
  Grum (D:10)
  3 basilisks
  A steam dragon (Lair:2)
  A hog (shapeshifter) (Elf:1)
  18 humans (D:13)
  4 fire bats (Gauntlet)
  A golden eye (Gauntlet)
  20 vampire mosquitoes
  9 wargs
  16 swamp worms
  An acid dragon (D:11)
  8 water moccasins
  5 hell hounds
  32 nagas
  A floating eye (Gauntlet)
  37 orc warriors
  A swamp drake (Swamp:1)
  A spectral torpor snail (Gauntlet)
  A sky beast (D:8)
  12 ogres
  7 wolves
  21 centaurs
  5 bullfrogs
  5 kobold brigands
  3 earth elementals
  A wight (D:8)
  The ghost of Zigma the Trooper, a weakling DrMo (D:3)
  A howler monkey (D:8)
  2 hounds
  5 jellies (Lair:4)
  9 orc priests
  2 iguanas
  2 gnoll boudas
  23 orc wizards
  2 boggart zombies (D:15)
  A hell rat (Sewer)
  3 gnolls
  7 adders
  2 river rats (D:6)
  2 worms
  2 dart slugs
  49 orcs
  3 ball pythons
  3 endoplasms
  2 giant cockroaches (D:4)
  4 goblins
  2 hobgoblins
  8 jackals
  11 kobolds
  4 quokkas
  3 bats
  8 rats
  4 briar patches (Lair:3)
876 creatures vanquished.

Vanquished Creatures (collateral kills)
  Nikola (Snake:4)
  2 nagarajas (Snake:4)
  The ghost of Afiqoirph the Eclecticist, an adept DECj of Vehumet (D:15)
  An eleionoma (Swamp:3)
  A shambling mangrove (WizLab)
  2 two-headed ogres
  An alligator (Swamp:1)
  6 death yaks
  3 naga warriors (Snake:4)
  2 naga sharpshooters
  A skyshark (Lair:5)
  A salamander mystic (Snake:4)
  2 lindwurms (Volcano)
  An orc knight (D:10)
  A deep elf pyromancer (D:10)
  2 naga ritualists (Snake:4)
  A mana viper (Snake:1)
  2 fauns (WizLab)
  2 elephants
  Maurice (D:10)
  5 black mambas
  2 naga magi
  4 cane toads
  2 yaktaurs (WizLab)
  A polar bear (Lair:2)
  3 trolls
  6 blink frogs
  2 shadows (D:10)
  Sigmund (D:5)
  5 wraiths
  37 yaks
  2 basilisks (D:9)
  2 steam dragons
  A wyvern (D:9)
  7 vampire mosquitoes
  8 nagas
  Edmund (D:4)
  3 acid dragons
  6 water moccasins
  A hell hound (Lair:5)
  A swamp worm (Swamp:4)
  9 orc warriors
  2 ice beasts
  3 black bears
  An ogre (D:5)
  A centaur (D:7)
  A phantom (D:5)
  2 bullfrogs
  A kobold brigand (D:7)
  A scorpion (D:7)
  10 wights
  4 howler monkeys
  4 electric eels (D:9)
  3 hounds
  5 orc priests
  A sleepcap (D:7)
  Crazy Yiuf (D:4)
  Ijyb (D:5)
  2 iguanas
  4 orc wizards
  The ghost of glosham the Sneak, a weakling MeDe (D:6)
  4 adders
  5 gnolls
  2 shadow imps (D:4)
  2 white imps (D:5)
  2 worms
  26 orcs
  2 endoplasms
  3 giant cockroaches
  A goblin (D:1)
  3 hobgoblins
  2 jackals (D:1)
  7 kobolds (D:7)
  3 quokkas
  2 ball pythons
  2 frilled lizards (D:1)
  2 rats
  7 briar patches (WizLab)
266 creatures vanquished.

Vanquished Creatures (others)
  Gastronok (D:10)
  An eleionoma (Swamp:3)
  A centaur warrior (Orc:2)
  2 death yaks (Lair:3)
  2 deep elf knights (Elf:2)
  A skyshark (Lair:2)
  A deep elf archer (Elf:2)
  2 deep elf zephyrmancers (Elf:1)
  A lindwurm (Lair:5)
  A salamander (Snake:2)
  2 elephants (Lair:3)
  Joseph (D:9)
  2 bloated husks
  A centaur simulacrum (D:14)
  4 yaks (D:9)
  An acid dragon (D:6)
  Menkaure (D:5)
  2 orc warriors
  An orc (D:7)
  5 briar patches (WizLab)
  A bush (D:5)
  A butterfly (D:5)
  26 foxfires
  36 fungi
  21 plants
  9 snaplasher vines
  2 withered plants (D:15)
129 creatures vanquished.

Grand Total: 1271 creatures vanquished

Notes
Turn   | Place    | Note
-------+----------+-------------------------------------------
     0 | D:1      | EnegeticOcto the Draconian Summoner began the quest for the
                  | Orb.
     0 | D:1      | Reached XP level 1. HP: 14/14 MP: 3/3
   524 | D:1      | Reached skill level 2 in Stealth
   750 | D:1      | Reached XP level 2. HP: 20/20 MP: 1/5
   753 | D:1      | Learned a level 2 spell: Call Imp
  1202 | D:1      | Reached skill level 3 in Stealth
  1754 | D:2      | Reached XP level 3. HP: 26/26 MP: 6/6
  1853 | D:2      | Found a shimmering altar of Xom.
  1863 | D:2      | Found a faded altar of an unknown god.
  1994 | D:2      | Reached skill level 5 in Summonings
  1994 | D:2      | Reached XP level 4. HP: 33/33 MP: 4/7
  2870 | D:3      | Learned a level 3 spell: Call Canine Familiar
  3004 | D:3      | Found a transporter.
  3006 | D:3      | Identified the +3 mace of Rubbish {drain, Str+3 Dex+2}
  3009 | D:3      | Found a transporter.
  3009 | D:3      | Noticed Zigma's ghost (weakling DrMo)
  3437 | D:4      | Reached XP level 5. HP: 38/38 MP: 8/8
  3463 | D:4      | Found a glowing drain.
  3470 | D:4      | Reached skill level 6 in Summonings
  3472 | Sewer    | Entered a sewer
  3524 | Sewer    | Reached skill level 1 in Fighting
  3614 | D:4      | Found Loicwar's Specific Store.
  3615 | D:4      | Found Ypni's General Store.
  3621 | D:4      | Found a transporter.
  3627 | D:4      | Bought a scroll of fog for 56 gold pieces
  3627 | D:4      | Bought a scroll of identify for 28 gold pieces
  3627 | D:4      | Bought a scroll of identify for 28 gold pieces
  3671 | D:4      | Reached skill level 2 in Fighting
  3769 | D:4      | Found a transporter.
  3777 | D:4      | Noticed Edmund
  3830 | D:4      | Killed Edmund
  3831 | D:4      | Reached skill level 3 in Fighting
  3831 | D:4      | Reached skill level 3 in Spellcasting
  3831 | D:4      | Reached XP level 6. HP: 32/51 MP: 3/10
  3839 | D:4      | Bought a potion of lignification for 42 gold pieces
  4133 | D:4      | Found the ring of the Tortoise {AC+8}
  4135 | D:4      | Found a staircase to the Ecumenical Temple.
  4156 | Temple   | Entered the Ecumenical Temple
  4282 | Temple   | Became a worshipper of Cheibriados the Contemplative
  4316 | D:4      | Learned a level 3 spell: Summon Guardian Golem
  4420 | D:4      | Noticed Pikel
  4455 | D:4      | Killed Pikel
  4456 | D:4      | Reached skill level 4 in Fighting
  4456 | D:4      | Reached skill level 5 in Stealth
  4456 | D:4      | Reached skill level 4 in Spellcasting
  4456 | D:4      | Your scales start taking on a dull iron-grey colour.
  4456 | D:4      | Reached XP level 7. HP: 56/60 MP: 10/13
  4655 | D:4      | Found a runed translucent door.
  4656 | D:4      | Noticed Crazy Yiuf
  4679 | D:4      | Killed Crazy Yiuf
  4830 | D:4      | Found a glowing golden altar of the Shining One.
  4897 | D:4      | Reached skill level 5 in Fighting
  5006 | D:5      | Entered Level 5 of the Dungeon
  5006 | D:5      | Found Qioggufi's Distillery.
  5023 | D:5      | Reached skill level 1 in Hexes
  5036 | D:5      | Reached skill level 2 in Hexes
  5036 | D:5      | Reached XP level 8. HP: 64/68 MP: 14/14
  5178 | D:5      | Found an iron altar of Okawaru.
  5230 | D:5      | Found a sacrificial altar of Ru.
  5262 | D:5      | Found a sparkling altar of Nemelex Xobeh.
  5322 | D:5      | Reached * piety under Cheibriados
  5323 | D:5      | Reached skill level 7 in Summonings
  5484 | D:5      | Noticed Menkaure
  5498 | D:5      | Killed Menkaure
  5609 | D:5      | Found a white marble altar of Elyvilon.
  5779 | D:5      | Noticed Ijyb
  5786 | D:5      | Killed Ijyb
  5864 | D:5      | Noticed Sigmund
  5872 | D:5      | Killed Sigmund
  5873 | D:5      | Reached skill level 8 in Summonings
  5881 | D:5      | Found an ornate altar of the Wu Jian Council.
  5916 | D:5      | Found a radiant altar of Vehumet.
  6052 | D:6      | Found a shimmering blue altar of Sif Muna.
  6133 | D:6      | Found a runed translucent door.
  6135 | D:6      | Noticed glosham's ghost (weakling MeDe)
  6412 | D:6      | Found a runed translucent door.
  6465 | D:6      | Found Qasab's Serpentskin Sales.
  6542 | D:6      | Bought 4 curare-tipped darts for 52 gold pieces
  6570 | D:6      | Identified the +1 trident of Resourcefulness {antimagic,
                  | Str+5}
  6731 | D:6      | Reached skill level 9 in Summonings
  6731 | D:6      | Reached skill level 1 in Evocations
  6736 | D:6      | Learned a level 4 spell: Summon Lightning Spire
  6971 | D:6      | Reached skill level 2 in Evocations
  6971 | D:6      | Reached XP level 9. HP: 74/74 MP: 15/15
  7169 | D:7      | Reached skill level 1 in Air Magic
  7255 | D:7      | Reached ** piety under Cheibriados
  7285 | D:7      | Reached skill level 3 in Evocations
  7340 | D:7      | Reached skill level 2 in Air Magic
  7353 | D:7      | Reached skill level 5 in Spellcasting
  7399 | D:7      | Found a broken altar of Ashenzari.
  7493 | D:7      | Reached *** piety under Cheibriados
  7672 | D:7      | Reached skill level 3 in Air Magic
  8137 | D:7      | Reached skill level 6 in Spellcasting
  8179 | D:8      | Reached skill level 2 in Dodging
  8201 | D:8      | Reached skill level 3 in Dodging
  8223 | D:8      | Reached skill level 6 in Fighting
  8233 | D:8      | Noticed a two-headed ogre
  8246 | D:8      | Killed a two-headed ogre
  8247 | D:8      | Reached skill level 4 in Dodging
  8247 | D:8      | Reached XP level 10. HP: 78/84 MP: 14/19
  8478 | D:8      | Reached skill level 7 in Fighting
  8719 | D:9      | Noticed Joseph
  8729 | D:9      | Reached **** piety under Cheibriados
  8742 | D:9      | Reached skill level 5 in Dodging
  8797 | D:9      | Killed Joseph
  8798 | D:9      | Reached skill level 8 in Fighting
  8798 | D:9      | Reached skill level 1 in Invocations
  8802 | D:9      | Reached skill level 2 in Invocations
  8994 | D:9      | Reached skill level 3 in Invocations
  9259 | D:9      | Noticed an elephant
  9260 | D:9      | Reached skill level 4 in Invocations
  9270 | D:9      | Killed an elephant
  9271 | D:9      | Reached skill level 5 in Invocations
  9467 | D:9      | Found a stormy altar of Qazlal.
  9602 | D:9      | Found a staircase to the Lair.
  9628 | D:9      | Reached skill level 6 in Invocations
  9842 | D:9      | Reached skill level 7 in Invocations
 10230 | D:9      | Found a hazy altar of Hepliaklqana.
 10233 | D:9      | Found a shadowy altar of Dithmenos.
 10503 | D:10     | Entered Level 10 of the Dungeon
 10512 | D:9      | Reached XP level 11. HP: 67/94 MP: 20/20
 10669 | D:10     | Reached skill level 8 in Invocations
 10674 | D:10     | Reached ***** piety under Cheibriados
 10764 | D:10     | Reached skill level 4 in Evocations
 10794 | D:10     | Noticed a deep elf pyromancer
 10800 | D:10     | Killed a deep elf pyromancer
 10863 | D:10     | Noticed Gastronok
 10906 | D:10     | Noticed a sixfirhy
 11033 | D:10     | Killed Gastronok
 11034 | D:10     | Reached skill level 10 in Summonings
 11034 | D:10     | Reached skill level 5 in Evocations
 11230 | D:4      | Bought a scroll of enchant armour for 105 gold pieces
 11230 | D:4      | Bought a scroll of enchant armour for 105 gold pieces
 11464 | D:10     | Reached skill level 6 in Evocations
 11549 | D:10     | Noticed Maurice
 11568 | D:10     | Killed Maurice
 11989 | D:10     | Noticed an orc knight
 12020 | D:10     | Reached skill level 9 in Invocations
 12026 | D:10     | Reached skill level 9 in Fighting
 12053 | D:10     | Killed an orc knight
 12170 | D:10     | Noticed Grum
 12184 | D:10     | Killed Grum
 12267 | D:10     | Noticed a two-headed ogre
 12276 | D:10     | Killed a two-headed ogre
 12277 | D:10     | Reached skill level 1 in Earth Magic
 12277 | D:10     | Reached XP level 12. HP: 106/106 MP: 21/21
 12339 | D:10     | Reached skill level 2 in Earth Magic
 12440 | Lair:1   | Entered Level 1 of the Lair of Beasts
 12477 | Lair:1   | Noticed a death yak
 12486 | Lair:1   | Noticed a death yak
 12488 | Lair:1   | Noticed a death yak
 12489 | Lair:1   | Killed a death yak
 12490 | Lair:1   | Reached skill level 10 in Fighting
 12490 | Lair:1   | Reached skill level 3 in Earth Magic
 12490 | Lair:1   | Reached skill level 10 in Invocations
 12499 | Lair:1   | Killed a death yak
 12502 | Lair:1   | Killed a death yak
 12503 | Lair:1   | Reached skill level 4 in Earth Magic
 12714 | Lair:1   | Reached skill level 5 in Earth Magic
 12896 | Lair:1   | Learned a level 6 spell: Statue Form
 13175 | Lair:1   | Reached skill level 1 in Transmutations
 13175 | Lair:1   | Reached skill level 11 in Invocations
 13331 | Lair:1   | Reached skill level 6 in Earth Magic
 13509 | Lair:2   | Reached ****** piety under Cheibriados
 13519 | Lair:2   | Reached skill level 2 in Transmutations
 13542 | Lair:2   | Reached skill level 3 in Transmutations
 13570 | Lair:2   | Reached skill level 7 in Earth Magic
 13721 | D:4      | Bought 2 scrolls of fear for 112 gold pieces
 14169 | Lair:2   | Noticed a six-headed hydra
 14181 | Lair:2   | Killed a six-headed hydra
 14213 | Lair:2   | Reached skill level 4 in Transmutations
 14452 | Lair:2   | Reached skill level 8 in Earth Magic
 14521 | Lair:2   | Reached skill level 12 in Invocations
 14547 | Lair:2   | Found a staircase to the Swamp.
 14640 | Lair:2   | Reached XP level 13. HP: 107/113 MP: 19/22
 14837 | Lair:2   | Found a staircase to the Snake Pit.
 15265 | Lair:3   | Reached skill level 5 in Transmutations
 15280 | Lair:3   | Reached skill level 9 in Earth Magic
 15366 | Lair:3   | Found a transporter.
 15398 | Lair:3   | Reached skill level 6 in Transmutations
 15493 | Lair:3   | Found a shimmering altar of Xom.
 15498 | Lair:3   | Identified the +1 trident of the Sharp God {flame, *Slow
                  | rPois SInv Stlth-}
 15652 | Lair:3   | Reached skill level 10 in Earth Magic
 15684 | Lair:3   | Reached skill level 7 in Transmutations
 15870 | Lair:3   | Found a transporter.
 16299 | Lair:3   | Identified the +2 pair of gloves of Submission {rElec
                  | Int+2}
 16579 | D:3      | Killed Zigma's ghost
 16754 | D:6      | Killed glosham's ghost
 16975 | Lair:4   | Reached skill level 1 in Unarmed Combat
 17036 | Lair:4   | Found a staircase to the Slime Pits.
 17038 | Lair:4   | Found a viscous altar of Jiyva.
 17257 | Lair:4   | Reached skill level 2 in Unarmed Combat
 17455 | Lair:4   | Reached skill level 8 in Transmutations
 17511 | Lair:4   | Reached skill level 3 in Unarmed Combat
 18033 | Lair:4   | Reached skill level 11 in Earth Magic
 18056 | Lair:4   | Learned a level 2 spell: Passwall
 18063 | Lair:4   | Learned a level 3 spell: Vhi's Electric Charge
 18102 | Lair:5   | Entered Level 5 of the Lair of Beasts
 18134 | Lair:5   | Reached skill level 4 in Unarmed Combat
 18134 | Lair:5   | Reached skill level 1 in Translocations
 18215 | Lair:5   | Reached skill level 2 in Translocations
 18594 | Lair:5   | Reached XP level 14. HP: 121/121 MP: 15/23
 18679 | Lair:5   | Reached skill level 5 in Unarmed Combat
 18679 | Lair:5   | Reached skill level 3 in Translocations
 19329 | D:11     | Reached skill level 12 in Earth Magic
 19366 | D:11     | Found a staircase to the Orcish Mines.
 19425 | D:11     | Reached skill level 4 in Translocations
 19569 | D:11     | Reached skill level 6 in Unarmed Combat
 19627 | D:11     | Noticed Erica
 19641 | D:11     | Killed Erica
 20268 | Orc:1    | Entered Level 1 of the Orcish Mines
 20334 | Orc:2    | Entered Level 2 of the Orcish Mines
 20334 | Orc:2    | Found a staircase to the Elven Halls.
 20354 | Orc:2    | Found a dark tunnel.
 20366 | Volcano  | Entered a volcano
 20404 | Volcano  | Reached skill level 7 in Unarmed Combat
 20637 | Orc:1    | Noticed an orc warlord
 20651 | Orc:1    | Killed an orc warlord
 21176 | Orc:2    | Reached skill level 7 in Spellcasting
 21191 | Orc:2    | Reached skill level 9 in Transmutations
 21199 | Orc:2    | Reached skill level 8 in Unarmed Combat
 21629 | Orc:2    | Found Myla's CLEARANCE SALE!.
 21711 | Orc:2    | Found Eruren's Assorted Antiques.
 21711 | Orc:2    | Found Buepsuliol's Antique Weapon Emporium.
 21713 | Orc:2    | Found Wink's Armour Shoppe.
 21715 | Orc:2    | Found Feaxkit's Magic Scroll Shop.
 21727 | Orc:2    | Bought a scroll of blinking for 97 gold pieces
 21727 | Orc:2    | Bought a scroll of identify for 26 gold pieces
 21727 | Orc:2    | Bought a scroll of identify for 26 gold pieces
 21729 | Orc:2    | Bought a scroll of butterflies for 52 gold pieces
 21744 | Orc:2    | Bought a +2 kite shield of reflection for 240 gold pieces
 21820 | Orc:1    | Noticed Snorg
 21820 | Orc:1    | Found Toasuoseu's Gadget Gallery.
 21831 | Orc:1    | Killed Snorg
 21847 | Orc:1    | Reached skill level 1 in Shields
 21874 | Orc:1    | Bought a wand of iceblast (5) for 132 gold pieces
 21874 | Orc:1    | Bought a wand of iceblast (4) for 105 gold pieces
 21874 | Orc:1    | Bought a wand of charming (5) for 132 gold pieces
 22004 | D:12     | You fall into a shaft and drop 1 floor!
 22009 | D:13     | Identified the +2 long sword "Hazumos" {venom, Str+2}
 22084 | D:12     | Found a gate leading to a gauntlet.
 22093 | Gauntlet | Entered a Gauntlet
 22093 | Gauntlet | Found a transporter.
 22102 | Gauntlet | Found a transporter.
 22105 | Gauntlet | Found a transporter.
 22106 | Gauntlet | Found a transporter.
 22117 | Gauntlet | Found a transporter.
 22118 | Gauntlet | Found a transporter.
 22122 | Gauntlet | Found a transporter.
 22126 | Gauntlet | Found a transporter.
 22129 | Gauntlet | Found a transporter.
 22130 | Gauntlet | Found a transporter.
 22138 | Gauntlet | Found a transporter.
 22141 | Gauntlet | Found a transporter.
 22142 | Gauntlet | Found a transporter.
 22149 | Gauntlet | Found a runed translucent door.
 22152 | Gauntlet | Found a transporter.
 22238 | Gauntlet | Reached skill level 2 in Shields
 22343 | Gauntlet | Identified the amulet of Souvucw {RegenMP rPois rF- Int+3}
 22377 | Gauntlet | Reached skill level 3 in Shields
 22377 | Gauntlet | Reached skill level 8 in Spellcasting
 22445 | Gauntlet | Reached skill level 9 in Unarmed Combat
 22503 | Gauntlet | Identified the ring "Vulla" {Will+ Int+3 Dex+6 SInv}
 22510 | Gauntlet | Reached XP level 15. HP: 126/126 MP: 21/27
 22517 | Gauntlet | Identified the staff of death "Raffisirph" {+Blink rElec
                  | rN+}
 22518 | Gauntlet | Got the Omnibus of the Friendly Jaunt
 22704 | D:12     | Found a runed translucent door.
 22888 | D:12     | Reached skill level 4 in Shields
 23148 | D:12     | Found a burning altar of Makhleb.
 23911 | D:13     | Reached skill level 5 in Shields
 24050 | D:13     | Reached skill level 9 in Spellcasting
 24062 | D:13     | Found a gate to the Vaults.
 24063 | D:13     | Reached skill level 10 in Unarmed Combat
 24068 | D:13     | Reached skill level 6 in Shields
 24673 | D:14     | Noticed crabbyslav's ghost (journeyman MiFi)
 24675 | D:14     | Reached skill level 7 in Shields
 24713 | D:14     | Noticed a storm dragon
 24714 | D:14     | Found a transporter.
 24745 | D:14     | Reached skill level 11 in Unarmed Combat
 24804 | D:14     | Found a transporter.
 25087 | D:15     | Entered Level 15 of the Dungeon
 25349 | D:15     | Found an opulent altar of Gozag.
 25530 | D:15     | Reached skill level 8 in Shields
 25596 | D:15     | Found a staircase to the Depths.
 25700 | D:15     | Found a runed translucent gate.
 25700 | D:15     | Found a runed translucent gate.
 25700 | D:15     | Found a runed translucent gate.
 25702 | D:15     | Noticed Jaorgh's ghost (journeyman GnHu)
 25702 | D:15     | Noticed Jaorgh's ghost (journeyman GnHu)
 25703 | D:15     | Found the +3 pair of seven-league boots {Rampage+∞}
 25703 | D:15     | Noticed Afiqoirph's ghost (adept DECj)
 25703 | D:15     | Noticed Lewah's ghost (journeyman OpEE)
 25839 | D:15     | Found the +5 scythe "Finisher" {speed, eviscerate}
 25849 | D:15     | Killed Afiqoirph's ghost
 25850 | D:15     | Reached XP level 16. HP: 134/134 MP: 21/29
 25855 | D:15     | Killed Lewah's ghost
 25860 | D:15     | Killed Jaorgh's ghost
 25861 | D:15     | Reached skill level 12 in Unarmed Combat
 25882 | D:15     | Killed Jaorgh's ghost
 26018 | D:15     | Identified the ring of Day {Drain rF+ Str-2 SInv Stlth+}
 26053 | D:15     | Learned a level 1 spell: Apportation
 26059 | D:15     | Learned a level 5 spell: Summon Forest
 26302 | Snake:1  | Entered Level 1 of the Snake Pit
 26315 | Snake:1  | Reached skill level 9 in Shields
 26753 | Snake:1  | Reached skill level 11 in Fighting
 26917 | Snake:2  | Reached skill level 11 in Summonings
 27299 | Snake:2  | Reached skill level 12 in Fighting
 27311 | Snake:2  | Reached skill level 12 in Summonings
 27831 | Snake:3  | Found Giladghev's Jewellery Emporium.
 27878 | Snake:3  | Bought a ring of protection from fire for 450 gold pieces
 29118 | Snake:3  | Found Giladghev's Jewellery Emporium.
 29912 | Snake:4  | Entered Level 4 of the Snake Pit
 29924 | Snake:4  | Reached skill level 13 in Fighting
 30050 | Snake:4  | Noticed Nikola
 30057 | Snake:4  | Killed Nikola
 30170 | Snake:4  | Reached XP level 17. HP: 150/150 MP: 24/30
 30263 | Snake:4  | Noticed Saint Roka
 30426 | Snake:4  | Killed Saint Roka
 30992 | Snake:4  | Reached skill level 14 in Fighting
 31007 | Snake:4  | Reached skill level 10 in Shields
 31330 | Snake:4  | Reached skill level 13 in Unarmed Combat
 31401 | Snake:4  | Got a serpentine rune of Zot
 31533 | Swamp:1  | Entered Level 1 of the Swamp
 31572 | Swamp:1  | Noticed Josephine
 31577 | Swamp:1  | Killed Josephine
 32010 | Swamp:2  | You fall into a shaft and drop 1 floor!
 32108 | Swamp:2  | Noticed a tentacled monstrosity
 32122 | Swamp:2  | Killed a tentacled monstrosity
 32123 | Swamp:2  | Reached skill level 11 in Shields
 32472 | Swamp:3  | Noticed Bai Suzhen
 32493 | Swamp:3  | Killed Bai Suzhen
 32494 | Swamp:3  | Reached skill level 15 in Fighting
 32692 | Swamp:3  | Found a runed translucent gate.
 32697 | Swamp:3  | Reached skill level 14 in Unarmed Combat
 32751 | Swamp:3  | Found a runed translucent gate.
 32751 | Swamp:3  | Found a runed translucent gate.
 32756 | Swamp:3  | Noticed Kenran's ghost (adept MfFi)
 32950 | Swamp:3  | Identified Roxanne's Quarto of Grit
 32950 | Swamp:3  | Noticed Roxanne
 33047 | Swamp:4  | Entered Level 4 of the Swamp
 33057 | Swamp:4  | Reached XP level 18. HP: 163/163 MP: 23/31
 33485 | Swamp:4  | Reached skill level 12 in Shields
 34014 | Swamp:4  | Reached skill level 15 in Unarmed Combat
 34273 | Swamp:4  | Got a decaying rune of Zot
 34485 | Elf:1    | Entered Level 1 of the Elven Halls
 34510 | Elf:1    | Found a radiant altar of Vehumet.
 34517 | Elf:1    | Reached skill level 13 in Shields
 34740 | Elf:1    | Found Vovvei's Jewellery Emporium.
 34756 | Elf:1    | Bought the ring of Bula {rF+ rN++ AC+4 Str+3} for 935 gold
                  | pieces
 34916 | Elf:1    | Paralysed by an air elemental for 1 turns
 35849 | Elf:2    | Paralysed by an air elemental for 1 turns
 35855 | Elf:2    | Reached skill level 6 in Dodging
 36079 | Elf:2    | Reached skill level 10 in Transmutations
 36079 | Elf:2    | Reached skill level 13 in Earth Magic
 36171 | Elf:2    | Reached XP level 19. HP: 163/170 MP: 32/32
 36192 | Elf:2    | Found Yjicoff's Distillery.
 36272 | Elf:2    | Found a huge runed translucent gate.
 36274 | Elf:2    | Found a huge runed translucent gate.
 36279 | Elf:2    | Found a huge runed translucent gate.
 36280 | Elf:2    | Found a huge runed translucent gate.
 36280 | Elf:2    | Found a huge runed translucent gate.
 36336 | Elf:2    | Found a radiant altar of Vehumet.
 36622 | Elf:3    | Entered Level 3 of the Elven Halls
 36653 | Elf:3    | Found a magical portal.
 36656 | WizLab   | Entered Eringya's Formal Garden
 36668 | WizLab   | Reached skill level 7 in Dodging
 37007 | WizLab   | Paralysed by a fenstrider witch for 3 turns
 37068 | WizLab   | Reached skill level 16 in Unarmed Combat
 37079 | WizLab   | Paralysed by a fenstrider witch for 3 turns
 37081 | WizLab   | HP: 5/221 [thorn hunter/volley of thorns (34)]
 37095 | WizLab   | HP: 2/221 [deep elf master archer/arrow (26)]
 37095 | WizLab   | Shot with an arrow by a deep elf master archer

Illustrated notes

Levels and vault maps discovered:
D:1:      ncdulo_lavacross, layout_loops_cross
D:2:      layout_basic, basic_altar,
          hellmonk_ecumenical_altar_pennies_from_heaven, wad_orctagon
D:3:      layout_basic, gammafunk_ghost_arena, hangedman_decor_push
D:4:      gammafunk_wand_slinger, layout_loops_ring, marbit_many_paths,
          temple_pool_b, gup_sewer_entry_bubbles, nicolae_specific_store,
          serial_park_tiny_1, uniq_edmund, uniq_crazy_yiuf_cottage, uniq_pikel
D:5:      layout_loops_ring, mainiacjoe_overflow_tiny_flanked,
          nicolae_elyvilon_peaceful_grove, nicolae_overflow_quartered_altars,
          serial_shops, shop, minmay_misc_feat_secret_circle, uniq_ijyb,
          uniq_menkaure, uniq_sigmund
D:6:      layout_loops_corners, amcnicky_altar_gilded, ebering_ghost_sewer_f,
          guppyfry_shop_venom
D:7:      layout_loops_ring, evilmike_ruin_ashenzari, st_stairs_12,
          amcnicky_mini_pool_small
D:8:      layout_rooms
D:9:      layout_basic, mainiacjoe_overflow_small_starburst,
          riverfiend_overflow_shadow_ancestor, david_lair_generic, uniq_joseph
D:10:     layout_loops_ring, nzn_random_ring, uniq_gastronok, uniq_grum,
          uniq_maurice
D:11:     layout_basic, erik_orc_4, roderic_lattice_a, uniq_erica
D:12:     minmay_open_boxes_in_corner, layout_cave_pods, gauntlet_entry_generic,
          nicolae_danse_macabre
D:13:     layout_gridville, grunt_vaults_entry_tiered
D:14:     layout_roguey, skrybe_limestone_x, gammafunk_ghost_arena
D:15:     grunt_enter_depths_magical_seal, layout_long_grid,
          grunt_decor_one_mirror, gammafunk_ghost_cemetery, grunt_gozag_statues
Temple:   compressed_dpeg_circular_temple
Lair:1:   layout_hall_layers
Lair:2:   layout_roguey, minmay_swamp_entry_reptiles,
          minmay_snake_entry_guardpost_large
Lair:3:   gammafunk_worm_tunnel, layout_hall_layers, basic_altar,
          grunt_megastairs_3
Lair:4:   beast_lair_carwin_large_2, layout_regular_city,
          nicolae_slime_entry_field_trip, serial_bayou_shore_a
Lair:5:   cheibrodos_lair_end_hotspot, layout_regular_city, lemuel_fruit_fields
Swamp:1:  layout_falls_marsh, nicolae_swamp_tree_designs, uniq_josephine
Swamp:2:  layout_falls_marsh, hangedman_swamp_pad, swamp_pool5
Swamp:3:  layout_basic_swamp, gammafunk_ghost_necromancy,
          nicolae_swamp_triple_paths, nicolae_swamp_orc_logging_accident,
          uniq_bai_suzhen, uniq_roxanne
Swamp:4:  swamp_vile, layout_basic_swamp, swamp_pool3, nicolae_swamp_oxbows
Snake:1:  layout_honeycomb, nicolae_snake_coiling_death
Snake:2:  layout_rooms
Snake:3:  layout_layer_cave, serial_shops, shop
Snake:4:  grunt_snake_rune_serpentine_throne, layout_rooms, lemuel_fruit_tree,
          uniq_nikola, uniq_saint_roka
Orc:1:    layout_diamond_mine, nicolae_shop_gadgets, uniq_snorg
Orc:2:    st_orc_rangers, layout_diamond_mine, special_room, enter_volcano_1,
          nicolae_shop_clearance
Elf:1:    eino_elf_arrival_altar, layout_gridlike, serial_shops,
          nicolae_shop_stone, evilmike_minifort, grunt_megastairs_5
Elf:2:    elven_hall_of_blades_hangedman_alternative
          [nicolae_vaults_blade_armed_guards], layout_rooms, basic_altar,
          serial_shops, nicolae_shop_advertising_works
          [nicolae_subvault_shop_adworks]
Elf:3:    nooodl_elf_gasket, layout_gridlike, mu_enter_wizlab_7, billiards_dpeg
WizLab:   wizlab_eringya

Skill      XL: |  1  2  3  4  5  6  7  8  9 10 11 12 13 14 15 16 17 18 19 |
---------------+----------------------------------------------------------+-----
Stealth        | 2 3 5 |  5.0
Summonings     | 5 6 9 10 12 | 12.7
Fighting       | 3 4 5 6 8 9 10 13 15 | 15.0
Spellcasting   | 3 4 6 8 9 |  9.0
Hexes          | 2 |  2.0
Evocations     | 2 3 6 |  6.0
Air Magic      | 3 |  3.0
Dodging        | 4 5 6 7 |  7.6
Invocations    | 7 9 12 | 12.0
Earth Magic    | 1 8 11 12 13 | 13.0
Transmutations | 4 8 9 10 | 10.0
Unarmed Combat | 4 9 11 12 14 15 16 | 16.0
Translocations | 2 4 |  4.0
Shields        | 3 8 9 11 13 | 13.0

Action                     |  1- 3 |  4- 6 |  7- 9 | 10-12 | 13-15 | 16-18 | 19-21 || total
---------------------------+-------+-------+-------+-------+-------+-------+-------++-------
  Melee: Dagger            |    82 |   117 |    95 |   209 |    55 |       |       ||   558
         Tailslap          |    10 |    17 |    14 |    39 |   243 |   199 |    15 ||   537
         Punch             |     1 |     1 |     5 |     5 |    78 |       |       ||    90
         Unarmed           |       |       |       |       |   923 |  1058 |    56 ||  2037
   Fire: Sling             |       |     7 |       |       |       |       |       ||     7
   Cast: Summon Small Mamm |    32 |    13 |     2 |       |       |       |       ||    47
         Call Imp          |    16 |    25 |    21 |    25 |    12 |       |       ||    99
         Call Canine Famil |       |    16 |    32 |    55 |    34 |       |       ||   137
         Summon Guardian G |       |       |     7 |    12 |     3 |       |       ||    22
         Summon Lightning  |       |       |     1 |    32 |    15 |       |       ||    48
         Statue Form       |       |       |       |       |   110 |   103 |     7 ||   220
         Vhi's Electric Ch |       |       |       |       |    24 |    25 |     1 ||    50
         Passwall          |       |       |       |       |     3 |       |     3 ||     6
         Summon Forest     |       |       |       |       |       |    21 |     4 ||    25
 Invoke: Slouch            |       |       |       |     1 |     7 |     3 |       ||    11
         Bend Time         |       |       |       |       |     1 |       |       ||     1
         Step From Time    |       |       |       |       |       |     2 |       ||     2
         Temporal Distorti |       |       |       |       |       |     1 |     1 ||     2
Ability: End Transformatio |       |       |       |       |       |     1 |       ||     1
  Evoke: Wand              |       |       |       |       |     2 |     3 |       ||     5
         Box of beasts     |       |       |       |       |     1 |       |       ||     1
    Use: Scroll            |     3 |     7 |     9 |     7 |    15 |    13 |     4 ||    58
         Potion            |       |       |       |       |       |     3 |     1 ||     4
   Stab: Sleeping          |       |     4 |     3 |       |     9 |     6 |       ||    22
         Distracted        |       |       |     1 |     2 |     5 |     7 |     1 ||    16
         Invisible         |       |       |       |       |     1 |       |       ||     1
 Armour: Skin              |    25 |    29 |    77 |   147 |  1184 |  1117 |    48 ||  2627
  Dodge: Dodged            |    56 |    58 |    76 |   246 |  1630 |  1145 |    50 ||  3261
  Block: Kite shield       |       |       |       |       |    46 |  1627 |    83 ||  1756

Table legend: (Time is in decaauts)
 A = Elapsed time spent in this place.
 B = Non-inter-level travel time spent in this place.
 C = Inter-level travel time spent in this place.
 D = Time resting spent in this place.
 E = Time spent auto-exploring this place.
 F = Levels seen in this place.
 G = Mean time per level.
                   A        B        C        D        E       F      G
               +--------+--------+--------+--------+--------+-----+--------+
         Total |  60985 |  55887 |   5098 |   3250 |  40650 |  38 | 1604.9 |
       Dungeon |  26059 |  23207 |   2852 |   1900 |  16594 |  15 | 1737.3 |
        Temple |    154 |    104 |     50 |      0 |     93 |   1 |  154.0 |
          Lair |  10325 |   9207 |   1118 |    365 |   7280 |   5 | 2065.0 |
         Swamp |   5465 |   5270 |    195 |      0 |   4026 |   4 | 1366.2 |
     Snake Pit |   9861 |   9517 |    344 |    437 |   7550 |   4 | 2465.2 |
  Orcish Mines |   2876 |   2627 |    249 |    162 |   1663 |   2 | 1438.0 |
   Elven Halls |   4098 |   3811 |    287 |    182 |   2753 |   3 | 1366.0 |
         Sewer |     79 |     79 |      0 |      0 |      1 |   1 |   79.0 |
       Volcano |    445 |    445 |      0 |     46 |      0 |   1 |  445.0 |
        Wizlab |    832 |    832 |      0 |    147 |    226 |   1 |  832.0 |
      Gauntlet |    786 |    786 |      0 |      9 |    462 |   1 |  786.0 |
               +--------+--------+--------+--------+--------+-----+--------+

Top non-repeatable levels by time:
 Snake:3: 4530 daAuts
     D:9: 3122 daAuts
   Elf:1: 2727 daAuts
 Snake:4: 2510 daAuts
 Swamp:4: 2465 daAuts
  Lair:2: 2332 daAuts
    D:10: 2267 daAuts
  Lair:4: 2216 daAuts
    D:11: 2179 daAuts
    D:13: 2052 daAuts
  Lair:3: 1962 daAuts
   Orc:2: 1960 daAuts
  Lair:1: 1950 daAuts
    D:15: 1942 daAuts
    D:12: 1922 daAuts
